 Dungeon Crawl Stone Soup version 0.19.1 (webtiles) character file.

214 sveltemanboy the Chopper (level 5, -3/45 HPs)
             Began as a Hill Orc Monk on Dec 11, 2016.
             Was a Priest of Makhleb.
             Slain by an ogre
             ... wielding a +0 giant club
              (15 damage)
             ... on level 4 of the Dungeon.
             The game lasted 00:07:02 (3858 turns).

sveltemanboy the Chopper (Hill Orc Monk)            Turns: 3858, Time: 00:07:03

Health: -3/45      AC:  5    Str: 14 (15) XL:     5   Next: 92%
Magic:  7/7        EV: 11    Int:  8 (10) God:    Makhleb [***...]
Gold:   90         SH:  0    Dex: 11 (13) Spells: 0 memorised, 4 levels left

rFire  . . .     SeeInvis .     a - +1 hand axe
rCold  . . .     Gourm    .     q - +0 ring mail
rNeg   . . .     Faith    .     (no shield)
rPois  .         Spirit   .     (no helmet)
rElec  .         Reflect  .     (no cloak)
rCorr  .         Harm     .     (no gloves)
MR     .....                    (no boots)
Stlth  +.........               (no amulet)
                                (no ring)
                                (no ring)

@: no status effects
A: no striking features
a: Minor Destruction, Lesser Servant of Makhleb, Renounce Religion


You were on level 4 of the Dungeon.
You worshipped Makhleb.
Makhleb was most pleased with you.
You were hungry.

You visited 1 branch of the dungeon, and saw 4 of its levels.

You collected 90 gold pieces.

Inventory:

Hand Weapons
 a - a +1 hand axe (weapon)
Armour
 q - a +0 ring mail (worn)
Scrolls
 b - a scroll of remove curse
 f - a scroll of identify
 i - a scroll of random uselessness {unknown}
 j - a scroll of magic mapping {unknown}
 l - 2 scrolls of amnesia {unknown}
 m - 2 scrolls of recharging {unknown}
 p - a scroll of immolation {unknown}
 s - a scroll of blinking {unknown}
 t - a scroll of enchant weapon
 v - a scroll of teleportation {unknown}
 x - a scroll of fear {unknown}
Potions
 d - a potion of cancellation {unknown}
 e - 2 potions of degeneration
 g - a potion of resistance {unknown}
 h - 4 potions of mutation {unknown}
 n - a potion of brilliance
 o - a potion of magic {unknown}
 r - 2 potions of haste {unknown}
 u - a potion of berserk rage {unknown}
Comestibles
 c - 3 bread rations
 k - a beef jerky
 w - a meat ration
 z - 4 chunks of flesh


   Skills:
 - Level 3.6 Fighting
 * Level 7.2 Axes
 - Level 2.0 Armour
 - Level 2.4 Dodging
 - Level 1.5 Stealth
 + Level 2.9 Invocations


You had 4 spell levels left.
You didn't know any spells.

Dungeon Overview and Level Annotations

Branches:
Dungeon (4/15)
 Temple: D:4-7

Altars:
Gozag
Makhleb
Sif Muna
Yredelemnul


Message History

The ogre closely misses you.
You hit the ogre but do no damage.
The ogre is moderately wounded.
The ogre misses you.
You hit the ogre.
The ogre is moderately wounded.
The ogre hits you with a giant club!
You closely miss the ogre.
The ogre is moderately wounded.
You slash the ogre!
The ogre is severely wounded.
The ogre hits you with a giant club!!
* * * LOW HITPOINT WARNING * * *
You are feeling hungry.
There is a stone staircase leading up here.
It was a potion of degeneration.
There was something very wrong with that liquid.
You feel weakened.
You feel dopey.
You feel clumsy. The ogre hits you with a giant club!
You die...

#....#.#...... #....#
#[...#.#...... #....#
##....#...# ######....#
#.........# #....#....#
#.........# #.##.#....#
#.........##### #.#..#....#
#........รท....#
#.#.#.....#
#.###....)###.###.#.#.....#
#.........#@#.....#.....###
#####....>#O#########.###
#...#.#.#.........#.#
#.#.#.#.#########.#.#
#.#...#.# #.#O# #.#####.#
#.#.# #.......# #...#
######### #####


You could see an ogre.

Vanquished Creatures
  A bullfrog zombie (D:4)
  A centaur skeleton (D:4)
  6 adders
  An ooze (D:1)
  3 worms
  2 dart slugs
  3 leopard geckos
  4 orcs
  6 giant cockroaches
  7 goblins
  4 hobgoblins
  13 jackals
  7 kobolds
  A quokka (D:3)
  8 bats
  7 frilled lizards
  7 rats
81 creatures vanquished.

Notes
Turn   | Place    | Note
-------+----------+-------------------------------------------
     0 | D:1      | sveltemanboy the Hill Orc Monk began the quest for the Orb.
     0 | D:1      | Reached XP level 1. HP: 19/19 MP: 1/1
    40 | D:1      | Reached skill level 1 in Armour
    78 | D:1      | Reached XP level 2. HP: 16/26 MP: 2/2
  1189 | D:1      | Reached XP level 3. HP: 27/31 MP: 3/3
  1552 | D:2      | Reached skill level 5 in Axes
  1879 | D:2      | Found a burning altar of Makhleb.
  1883 | D:2      | Became a worshipper of Makhleb the Destroyer
  1883 | D:2      | Reached * piety under Makhleb
  1883 | D:2      | Reached ** piety under Makhleb
  2045 | D:2      | Reached XP level 4. HP: 39/39 MP: 4/4
  2304 | D:2      | Reached skill level 1 in Invocations
  2646 | D:3      | Reached skill level 6 in Axes
  2904 | D:3      | Found a deep blue altar of Sif Muna.
  3049 | D:3      | Reached XP level 5. HP: 41/45 MP: 6/6
  3339 | D:3      | Found a basalt altar of Yredelemnul.
  3339 | D:3      | Found an opulent altar of Gozag.
  3650 | D:4      | Reached *** piety under Makhleb
  3798 | D:4      | Reached skill level 7 in Axes
  3801 | D:4      | Noticed an ogre
  3858 | D:4      | Slain by an ogre

Skill      XL: |  1  2  3  4  5 |
---------------+----------------+-----
Armour         | 1 2 |  2.0
Axes           | 5 6 7 |  7.2
Invocations    | 2 |  2.9
Fighting       | |  3.6
Dodging        | |  2.4
Stealth        | |  1.5

Action                   |  1- 3 |  4- 6 || total
-------------------------+-------+-------++-------
Melee: Hand axe          |   113 |   173 ||   286
Invok: Minor Destruction |       |     1 ||     1
  Use: Scroll            |     3 |       ||     3
       Potion            |       |     1 ||     1
 Stab: Sleeping          |     2 |       ||     2
  Eat: Chunk             |     4 |     5 ||     9
Armor: Robe              |    27 |       ||    27
       Ring mail         |     3 |    48 ||    51
       Leather armour    |     2 |       ||     2
Dodge: Dodged            |    79 |    99 ||   178
